 Dungeon Crawl Stone Soup version 0.30-a0-140-gd1020e658a (webtiles) character file.

Game seed: 13798998117284355549

303 themarg the Magician (level 6, -2/40 HPs)
             Began as a Djinni Fire Elementalist on Sept 24, 2022.
             Shot with an arrow by a centaur (6 damage)
             ... on level 3 of the Dungeon.
             The game lasted 00:11:51 (2989 turns).

themarg the Magician (Djinni Fire Elementalist)     Turns: 2989, Time: 00:11:52

Health: -2/40      AC:  2    Str:  7    XL:     6   Next: 66%
Gold:   99         EV: 12    Int: 18    God:
                   SH:  0    Dex: 14

rFire   + + .      SeeInvis .    h - +4 dagger
rCold   x . .      Faith    .    (no shield)
rNeg    . . .      Spirit   .    a - +0 robe
rPois   ∞          Reflect  .    (no helmet)
rElec   .          Harm     .    (no cloak)
rCorr   .          Rampage  .    (no gloves)
Will    .....                    (boots unavailable)
Stlth   ++........               (no amulet)
HPRegen 0.13/turn                (no ring)
MPRegen 0.00/turn                (no ring)

@: flying
A: sickness immunity, fire resistance 2, cold vulnerability 1, float, innate
caster, HP casting, extra vitality 1
a: no special abilities


You were on level 3 of the Dungeon.
You visited 1 branch of the dungeon, and saw 3 of its levels.
You also visited: Sewer.

You collected 119 gold pieces.
You spent 20 gold pieces at shops.

Inventory:

Hand Weapons
 g - a +1 dagger of venom
 h - a +4 dagger (weapon)
 s - a +1 vampiric dagger
Missiles
 m - 12 poisoned darts
Armour
 a - a +0 robe (worn)
Jewellery
 p - a ring of ice
Scrolls
 e - 3 scrolls of torment
 f - 6 scrolls of teleportation
 o - a scroll of brand weapon {unknown}
 q - a scroll of fog {unknown}
Potions
 b - a potion of cancellation {unknown}
 c - 3 potions of invisibility
 d - 4 potions of heal wounds
 i - 2 potions of magic {unknown}
 j - 2 potions of curing {unknown}
 k - a potion of mutation {unknown}
 l - a potion of flight {unknown}
 n - 2 potions of brilliance {unknown}
 r - 4 potions of might {unknown}


   Skills:
 - Level 2.4 Dodging
 - Level 3.0 Stealth
 + Level 4.8 Spellcasting


You couldn't memorise any spells.
You knew the following spells:

 Your Spells              Type           Power      Damage    Failure   Level
a - Foxfire               Conj/Fire      84%        2x1d8     1%          1
b - Scorch                Fire           42%        2d7       2%          2
c - Kindle Blastsparks    Fire/Tloc/Air  42%        2d13      5%          3
d - Inner Flame           Hex/Fire       21%        N/A       5%          3
e - Flame Wave            Conj/Fire      21%        2d8       19%         4
f - Sandblast             Erth           42%        2d11      1%          1
g - Blink                 Tloc           42%        N/A       2%          2
Your spell library was empty.

Dungeon Overview and Level Annotations

Branches:
Dungeon (3/15)              Sewer (visited)

Altars:
Fedhas

Shops:
D:2 ?


Innate Abilities, Weirdness & Mutations

You are immune to sickness and miasma.
You are immune to poison.
Your flesh is very heat resistant. (rF++)
You are vulnerable to cold. (rC-)
You float through the air rather than walking.
You learn spells naturally, not from books.
Your magical power is your life essence.
You have superior vitality. (+4 MHP)


Message History

Okay, then.
There is a large open door here.
Items here: ( )) ÷÷.
s - a +1 vampiric dagger
There is a gate leading back out of this place here.
Welcome back to the Dungeon!
There is a collapsed entrance here.
You see here a rat skeleton.
A rat comes into view.
Casting: Scorch (safe; 2% risk of failure)
Confirm with . or Enter, or press ? or * to list all spells.
You conjure some foxfire!
Found 16 gold pieces.
Found a blossoming altar of Fedhas.
Found a short bronze wand.
Your foxfire dissipates!
The foxfire hits the rat.
The rat is heavily wounded.
Casting: Foxfire (safe; 1% risk of failure)
Confirm with . or Enter, or press ? or * to list all spells.
You conjure some foxfire!
You hit the rat.
You kill the rat!
Your foxfire dissipates!
You see here a rat corpse.
Your foxfire dissipates!
You now have 99 gold pieces (gained 16).
HP restored.
There is a blossoming altar of Fedhas here.
A centaur comes into view.
The centaur shouts!
A rat comes into view.
The centaur wields a +0 shortbow.
The centaur shoots an arrow.
The arrow hits you.
The centaur shoots an arrow.
The arrow hits you!
The centaur shoots an arrow.
The arrow hits you!
The centaur shoots an arrow.
The arrow hits you!
* * * LOW HITPOINT WARNING * * *
The centaur shoots an arrow.
The arrow hits you.
You die...

*,*,,,,,,,,,,,,* *,,,,,***,,* *,
*,*,******#..#**###,****,,,*,***,
*,*,*******...,,..c.r# *,,,>,,,,*
*,*,**,,,,,...,,..#..# *,,,*,****
*,*,**,,***#.####.#..# *****,*
*,*,**,,* #....#.#..# *,*
*,,<.#,,* ##.##.#.#..####***,****
*,,,....###...#.#.#......,,,,,,,,
*,,,........_...@....#******,****
,,,,,...#.#...###....# *,* *
,,,,,,*,#.##.## #....#* *,* *
,*,,,*<,#....# #...#.#* *,* *
,**,,...####†####./###.#* *<* *
,**,,.............## *#.# *,* *
,***,#.#####..####.###.##***,* *
,* *,*,** ##.# *#,#..,,,,,,* * ,*
*,,,,** #.# **..#******* *


You could see a centaur.

Vanquished Creatures
  2 kobold brigands (Sewer)
  Jessica (D:3)
  2 adders
  7 gnolls (D:2)
  A worm (D:2)
  A dart slug (D:1)
  4 ball pythons
  3 endoplasms (D:1)
  2 giant cockroaches (D:1)
  6 goblins
  2 quokkas
  4 bats
  3 frilled lizards
  13 kobolds (Sewer)
  6 rats
57 creatures vanquished.

Vanquished Creatures (collateral kills)
  A foxfire (Sewer)
1 creature vanquished.

Vanquished Creatures (others)
  65 foxfires
  5 plants (Sewer)
70 creatures vanquished.

Grand Total: 128 creatures vanquished

Notes
Turn   | Place    | Note
-------+----------+-------------------------------------------
     0 | D:1      | themarg the Djinni Fire Elementalist began the quest for
                  | the Orb.
     0 | D:1      | themarg set off with the following spells memorised:
                  | Foxfire, Scorch, Kindle Blastsparks, Inner Flame, Flame
                  | Wave.
     0 | D:1      | Reached XP level 1. HP: 15/15 MP: 0/0
   125 | D:1      | Reached XP level 2. HP: 19/21 MP: 0/0
   243 | D:1      | Found a faded altar of an unknown god.
   492 | D:1      | Reached XP level 3. HP: 4/25 MP: 0/0
   492 | D:1      | Learned a level 1 spell: Sandblast
   894 | D:2      | Reached skill level 3 in Spellcasting
   896 | D:2      | Reached XP level 4. HP: 19/31 MP: 0/0
  1160 | D:2      | Found Uwnuteh's Magic Scroll Emporium.
  1178 | D:2      | Bought a scroll of identify for 20 gold pieces
  1467 | D:2      | Reached XP level 5. HP: 23/35 MP: 0/0
  1467 | D:2      | Learned a level 2 spell: Blink
  1821 | D:3      | Noticed Jessica
  1825 | D:3      | Killed Jessica
  1899 | D:3      | Found a glowing drain.
  1914 | Sewer    | Entered a sewer
  2131 | Sewer    | Noticed a kobold brigand
  2137 | Sewer    | Killed a kobold brigand
  2138 | Sewer    | Reached skill level 4 in Spellcasting
  2138 | Sewer    | Reached XP level 6. HP: 22/40 MP: 0/0
  2968 | D:3      | Found a blossoming altar of Fedhas.
  2989 | D:3      | Shot with an arrow by a centaur

Illustrated notes

Levels and vault maps discovered:
D:1:      matt_arrival_diagonals, layout_rooms,
          shapermc_ecumenical_altar_totnotflames
D:2:      layout_rooms, serial_shops, shop
D:3:      layout_loops_ring, nicolae_overflow_crystal_walls,
          gup_sewer_entry_bubbles, kennysheep_flooded_box,
          kennysheep_generic_room_13, uniq_crazy_yiuf_cottage, uniq_jessica,
          uniq_natasha

Skill      XL: |  1  2  3  4  5 |
---------------+----------------+-----
Stealth        | 2 3 |  3.0
Spellcasting   | 3 4 |  4.8
Dodging        | |  2.4

Action                   |  1- 3 |  4- 6 || total
-------------------------+-------+-------++-------
Melee: Unarmed           |     1 |       ||     1
       Dagger            |       |     8 ||     8
 Cast: Foxfire           |    27 |    25 ||    52
       Scorch            |     5 |    39 ||    44
       Inner Flame       |       |     1 ||     1
  Use: Scroll            |       |     5 ||     5
Armor: Robe              |     3 |     5 ||     8
Dodge: Dodged            |     1 |     3 ||     4

Table legend: (Time is in decaauts)
 A = Elapsed time spent in this place.
 B = Non-inter-level travel time spent in this place.
 C = Inter-level travel time spent in this place.
 D = Time resting spent in this place.
 E = Time spent auto-exploring this place.
 F = Levels seen in this place.
 G = Mean time per level.
                   A        B        C        D        E       F      G
               +--------+--------+--------+--------+--------+-----+--------+
         Total |   2987 |   2941 |     46 |   1416 |    876 |   4 |  746.8 |
       Dungeon |   1970 |   1924 |     46 |    815 |    793 |   3 |  656.7 |
         Sewer |   1016 |   1016 |      0 |    601 |     83 |   1 | 1016.0 |
               +--------+--------+--------+--------+--------+-----+--------+

Top non-repeatable levels by time:
   Sewer: 1016 daAuts
     D:2: 924 daAuts
     D:1: 885 daAuts
     D:3: 160 daAuts
